 Dungeon Crawl Stone Soup version 0.31-a0-986-g5e6e4ef867 (webtiles) character file.

Game seed: 5005852947664697720

225 LadyBoffin the Covert (level 6, -2/53 HPs)
             Began as a Gnoll Delver on Nov 8, 2023.
             Was an Initiate of Vehumet.
             Slain by a bullfrog (7 damage)
             ... on level 8 of the Dungeon.
             The game lasted 00:13:38 (2039 turns).

LadyBoffin the Covert (Gnoll Delver)                Turns: 2039, Time: 00:13:38

Health: -2/53      AC:  3    Str: 14    XL:     6   Next: 1%
Magic:  8/8        EV: 11    Int:  9    God:    Vehumet [......]
Gold:   134        SH:  8    Dex: 13    Spells: 8/8 levels left

rFire   . . .        a - +0 short sword
rCold   . . .        k - +0 kite shield
rNeg    . . .        b - +0 leather armour
rPois   .            (no helmet)
rElec   .            (no cloak)
rCorr   .            (no gloves)
SInv    .            (no boots)
Will    .....        (no amulet)
Stlth   ++++         (no ring)
HPRegen 0.28/turn    (no ring)
MPRegen 0.11/turn

%: no passive effects
@: no status effects
A: fangs 1, strong nose, distributed training
a: Renounce Religion


You were on level 8 of the Dungeon.
You worshipped Vehumet.
Vehumet was noncommittal.
You visited 2 branches of the dungeon, and saw 5 of its levels.

You collected 134 gold pieces.

Inventory:

Hand Weapons
 a - a +0 short sword (weapon)
 l - a +1 orcbow of draining
Armour
 b - a +0 leather armour (worn)
 k - a +0 kite shield (worn)
Magical Staves
 h - a staff of poison
Wands
 g - a wand of digging (3)
Scrolls
 c - a scroll of fog
 d - 2 scrolls of revelation
 e - a scroll of fear (quivered)
 j - a scroll of vulnerability {unknown}
 m - a scroll of identify
 n - 2 scrolls of teleportation {unknown}
Potions
 f - a potion of might
 i - a potion of haste


   Skills:
 + Level 6.8 Fighting
 + Level 4.9 Short Blades
 + Level 1.8 Long Blades
 + Level 1.8 Axes
 + Level 1.8 Maces & Flails
 + Level 1.8 Polearms
 + Level 1.8 Staves
 + Level 1.8 Ranged Weapons
 + Level 1.8 Throwing
 + Level 1.8 Armour
 + Level 4.9 Dodging
 + Level 9.7 Stealth
 + Level 1.8 Shields
 + Level 1.8 Unarmed Combat
 + Level 1.8 Spellcasting
 + Level 1.4 Conjurations
 + Level 1.4 Hexes
 + Level 1.4 Summonings
 + Level 1.4 Necromancy
 + Level 1.4 Translocations
 + Level 1.4 Transmutations
 + Level 1.4 Fire Magic
 + Level 1.4 Ice Magic
 + Level 1.4 Air Magic
 + Level 1.4 Earth Magic
 + Level 1.4 Poison Magic
 + Level 2.0 Invocations
 + Level 1.8 Evocations
 + Level 1.6 Shapeshifting


You had 8 spell levels left.
You didn't know any spells.
Your spell library contained the following spells:

 Spells                   Type           Power      Damage    Failure   Level
 Lesser Beckoning         Tloc           6%         N/A       78%         2
 Gell's Gravitas          Tloc           3%         N/A       95%         3
 Teleport Other           Tloc           3%         N/A       95%         3


Dungeon Overview and Level Annotations

Branches:
Dungeon (8/15)             Temple (1/1) D:6
   Lair: D:8-11

Altars:
Cheibriados
Elyvilon
Gozag
Hepliaklqana
Kikubaaqudgha
Makhleb
Okawaru
Qazlal
Uskayaw
Vehumet
Wu Jian
Yredelemnul
The Shining One

Annotations:
D:5 Grinder
D:6 1 runed translucent door, Zdeegee's ghost, novice VSAE


Innate Abilities, Weirdness & Mutations

You have very sharp teeth.
Your uncanny sense of smell can sniff out nearby items.
Your experience applies equally to all skills.


Message History

You closely miss the bullfrog.
The bullfrog is severely wounded.
The bullfrog hits you! You block the bullfrog's attack.
You hit the bullfrog but do no damage.
The bullfrog is severely wounded.
The bullfrog hits you.
You closely miss the bullfrog.
The bullfrog is severely wounded.
The bullfrog hits you.
* * * LOW HITPOINT WARNING * * *
You hit the bullfrog.
You bite the bullfrog, but do no damage.
The bullfrog is severely wounded.
You block the bullfrog's attack. The bullfrog hits you!
* * * LOW HITPOINT WARNING * * *
You hit the bullfrog.
The bullfrog is almost dead.
The bullfrog completely misses you.
You hit the bullfrog but do no damage.
The bullfrog is almost dead.
The bullfrog hits you but does no damage.
The bullfrog barely misses you.
You hit the bullfrog.
The bullfrog is almost dead.
The bullfrog barely misses you.
You hit the bullfrog but do no damage.
The bullfrog is almost dead.
You block the bullfrog's attack. The bullfrog hits you.
* * * LOW HITPOINT WARNING * * *
You closely miss the bullfrog.
The bullfrog is almost dead.
The bullfrog hits you.
* * * LOW HITPOINT WARNING * * *
You hit the bullfrog but do no damage. Your bite misses the bullfrog.
The bullfrog is almost dead.
You block the bullfrog's attack.
You barely miss the bullfrog.
The bullfrog is almost dead.
The bullfrog hits you!
You die...

# .# # .# ∆ .# #
.# # .# #
############.# #
## ...!.......#.#
## #..
.........F@.# #.
... .##.....####
#. ..######...#
####. ##
#.#..#.#..####
#########.##. #..
##.##.##.....#
#........>... #..
#.#..#)##.##.#
#(#######.###
#..##.#.(#.##.##.#
#.# ...#
#...##.##.##..##.#
#.# #####
#...#.#..#.#..##.#
#.#


You could see a bullfrog.

Vanquished Creatures
  A centaur (D:6)
  A howler monkey (D:6)
  2 hounds
  An orc wizard (D:6)
  2 ufetubi (D:6)
  6 orcs
13 creatures vanquished.

Notes
Turn   | Place    | Note
-------+----------+-------------------------------------------
     0 | D:5      | Reached skill level 9 in Stealth
     0 | D:5      | LadyBoffin the Gnoll Delver began the quest for the Orb.
     0 | D:5      | Reached XP level 1. HP: 23/23 MP: 1/1
    33 | D:5      | Noticed an ogre
    53 | D:5      | Noticed a scorpion
    53 | D:5      | Noticed a steam dragon
   134 | D:6      | Noticed a hound
   135 | D:6      | Noticed a sleepcap
   155 | D:6      | Killed a hound
   156 | D:6      | Reached XP level 2. HP: 11/29 MP: 1/3
   156 | D:6      | Reached XP level 3. HP: 13/35 MP: 1/4
   274 | D:6      | Noticed a centaur
   309 | D:6      | Killed a centaur
   310 | D:6      | Reached skill level 1 in Long Blades
   310 | D:6      | Reached skill level 1 in Axes
   310 | D:6      | Reached skill level 1 in Maces & Flails
   310 | D:6      | Reached skill level 1 in Polearms
   310 | D:6      | Reached skill level 1 in Staves
   310 | D:6      | Reached skill level 1 in Ranged Weapons
   310 | D:6      | Reached skill level 1 in Throwing
   310 | D:6      | Reached skill level 1 in Armour
   310 | D:6      | Reached skill level 1 in Shields
   310 | D:6      | Reached skill level 1 in Unarmed Combat
   310 | D:6      | Reached skill level 1 in Spellcasting
   310 | D:6      | Reached skill level 1 in Conjurations
   310 | D:6      | Reached skill level 1 in Hexes
   310 | D:6      | Reached skill level 1 in Summonings
   310 | D:6      | Reached skill level 1 in Necromancy
   310 | D:6      | Reached skill level 1 in Translocations
   310 | D:6      | Reached skill level 1 in Transmutations
   310 | D:6      | Reached skill level 1 in Fire Magic
   310 | D:6      | Reached skill level 1 in Ice Magic
   310 | D:6      | Reached skill level 1 in Air Magic
   310 | D:6      | Reached skill level 1 in Earth Magic
   310 | D:6      | Reached skill level 1 in Poison Magic
   310 | D:6      | Reached skill level 1 in Invocations
   310 | D:6      | Reached skill level 1 in Evocations
   310 | D:6      | Reached skill level 1 in Shapeshifting
   310 | D:6      | Reached XP level 4. HP: 9/41 MP: 5/5
   440 | D:6      | Found a staircase to the Ecumenical Temple.
   454 | Temple   | Entered the Ecumenical Temple
   692 | Temple   | Became a worshipper of Vehumet
   839 | D:5      | Reached XP level 5. HP: 32/47 MP: 5/7
   903 | D:5      | Noticed Grinder
  1017 | D:6      | Found a runed translucent door.
  1020 | D:6      | Noticed Zdeegee's ghost (novice VSAE)
  1759 | D:6      | Reached XP level 6. HP: 53/53 MP: 8/8
  1902 | D:8      | Noticed an orc warrior
  2039 | D:8      | Slain by a bullfrog

Illustrated notes

Levels and vault maps discovered:
D:5:      layout_loops_ring, minmay_misc_feat_iff, kennysheep_generic_room_9,
          uniq_grinder
D:6:      layout_basic, minmay_temple_entry_slanted, ebering_ghost_sewer_d
D:7:      layout_loops_ring, grunt_ashenzari_visionary
          [grunt_ashenzari_visionary_shoals, grunt_ashenzari_visionary_spider],
          nzn_ghost_randoct
D:8:      layout_loops_ring, chequers_temple_overflow_minitemple, minivault_22,
          uniq_amaemon
Temple:   nicolae_temple_bog_church

Skill      XL: |  1  2  3  4  5 |
---------------+----------------+-----
Stealth        | |  9.7
Long Blades    | 1 |  1.8
Axes           | 1 |  1.8
Maces & Flails | 1 |  1.8
Polearms       | 1 |  1.8
Staves         | 1 |  1.8
Ranged Weapons | 1 |  1.8
Throwing       | 1 |  1.8
Armour         | 1 |  1.8
Shields        | 1 |  1.8
Unarmed Combat | 1 |  1.8
Spellcasting   | 1 |  1.8
Conjurations   | 1 |  1.4
Hexes          | 1 |  1.4
Summonings     | 1 |  1.4
Necromancy     | 1 |  1.4
Translocations | 1 |  1.4
Transmutations | 1 |  1.4
Fire Magic     | 1 |  1.4
Ice Magic      | 1 |  1.4
Air Magic      | 1 |  1.4
Earth Magic    | 1 |  1.4
Poison Magic   | 1 |  1.4
Invocations    | 1 2 |  2.0
Evocations     | 1 |  1.8
Shapeshifting  | 1 |  1.6
Fighting       | |  6.8
Short Blades   | |  4.9
Dodging        | |  4.9

Action                     |  1- 3 |  4- 6 || total
---------------------------+-------+-------++-------
  Melee: Short sword       |    46 |   126 ||   172
         Bite              |     4 |    12 ||    16
         Punch             |     4 |     1 ||     5
    Use: Potion            |     1 |       ||     1
         Scroll            |       |     2 ||     2
 Armour: Leather armour    |    39 |    92 ||   131
  Dodge: Dodged            |    51 |    71 ||   122
  Block: Kite shield       |       |     6 ||     6

Table legend: (Time is in decaauts)
 A = Elapsed time spent in this place.
 B = Non-inter-level travel time spent in this place.
 C = Inter-level travel time spent in this place.
 D = Time resting spent in this place.
 E = Time spent auto-exploring this place.
 F = Levels seen in this place.
 G = Mean time per level.
                   A        B        C        D        E       F      G
               +--------+--------+--------+--------+--------+-----+--------+
         Total |   1994 |    958 |   1036 |    473 |     87 |   5 |  398.8 |
       Dungeon |   1731 |    953 |    778 |    473 |     87 |   4 |  432.8 |
        Temple |    262 |      4 |    258 |      0 |      0 |   1 |  262.0 |
               +--------+--------+--------+--------+--------+-----+--------+

Top non-repeatable levels by time:
     D:6: 1167 daAuts
     D:5: 362 daAuts
  Temple: 262 daAuts
     D:8: 139 daAuts
     D:7: 62 daAuts
